General information
- name: BNet
- type: Ladder team game (AT/RT)
- host: Battle.net
- saver: d3no.lupiniiiya
map: GoldRush
- players: 8
- length: 06:11
- speed: Fast
- version: 1.26 W3XP
- replay type: Public
» download(41 KB)
Players
team 1 (loser)

»
TakeItLikeAMan (
green | 68 APM | 423 actions | 06:11)
2 Mountain King
1 Storm Bolt
1 Bash
» actions
| Assign group hotkey | 16 | |
| Basic commands | 22 | |
| Build / train | 25 | |
| Enter build submenu | 16 | |
| Enter hero's abilities submenu | 2 | |
| Remove unit from queue | 1 | |
| Right click | 115 | |
| Select / deselect | 62 | |
| Select group hotkey | 136 | |
| Use ability | 28 | |
423 total
» units
| Peasant | 12 | |
| Footman | 3 | |
| Rifleman | 2 | |
17 total
» upgrades
» buildings
| Altar of Kings | 1 | |
| Farm | 7 | |
| Barracks | 1 | |
| Blacksmith | 1 | |
| Arcane Vault | 1 | |
| Town Hall | 1 | |
| Lumber Mill | 1 | |
13 total
» build order
00:07 Altar of Kings
00:11 Farm
00:32 Barracks
01:10 Farm
01:59 Blacksmith
02:23 Farm
02:45 Farm
03:48 Farm
04:01 Farm
04:14 Arcane Vault
04:23 Farm
05:16 Town Hall
05:44 Lumber Mill
» items
| Scroll of Regeneration | 2 | |
| Lesser Clarity Potion | 1 | |
3 total

»
ResuRgenty (
orange | 64 APM | 397 actions | 06:11)
2 Demon Hunter
1 Mana Burn
1 Evasion
» actions
| Assign group hotkey | 28 | |
| Basic commands | 21 | |
| Build / train | 24 | |
| Enter build submenu | 11 | |
| Enter hero's abilities submenu | 2 | |
| Give item / drop item | 2 | |
| Right click | 109 | |
| Select / deselect | 60 | |
| Select group hotkey | 131 | |
| Use ability | 9 | |
397 total
» units
» buildings
| Altar of Elders | 1 | |
| Moon Well | 3 | |
| Ancient of War | 2 | |
| Ancient of Wonders | 1 | |
| Tree of Ages | 1 | |
| Tree of Life | 1 | |
| Hunter's Hall | 1 | |
10 total
» build order
00:08 Altar of Elders
00:15 Moon Well
00:37 Ancient of War
01:35 Moon Well
02:38 Ancient of Wonders
03:42 Tree of Ages
04:26 Tree of Life
04:45 Moon Well
05:20 Hunter's Hall
05:23 Ancient of War
» items
| Lesser Clarity Potion | 1 | |
| Dust of Appearance | 1 | |
2 total

»
t1fail (
yellow | 28 APM | 171 actions | 06:11)
1 Blademaster
1 Wind Walk
» actions
| Build / train | 20 | |
| Enter build submenu | 14 | |
| Enter hero's abilities submenu | 1 | |
| Remove unit from queue | 1 | |
| Right click | 45 | |
| Select / deselect | 72 | |
| Use ability | 18 | |
171 total
» units
| Peon | 10 | |
| Troll Headhunter/Berserker | 3 | |
13 total
» buildings
| Altar of Storms | 1 | |
| Orc Burrow | 7 | |
| Barracks | 1 | |
| War Mill | 1 | |
| Voodoo Lounge | 1 | |
| Watch Tower | 3 | |
| Stronghold | 1 | |
15 total
» build order
00:05 Altar of Storms
00:08 Orc Burrow
01:03 Barracks
01:51 Orc Burrow
02:02 War Mill
02:46 Orc Burrow
03:01 Voodoo Lounge
03:28 Watch Tower
03:46 Orc Burrow
04:36 Watch Tower
04:42 Watch Tower
04:46 Orc Burrow
05:43 Orc Burrow
06:03 Orc Burrow
06:04 Stronghold
» items
| Healing Salve | 1 | |
| Lesser Clarity Potion | 2 | |
3 total

»
d3no.lupiniiiya (
pink | 46 APM | 284 actions | 06:11)
2 Priestess of the Moon
1 Trueshot Aura
1 Searing Arrows
» actions
| Assign group hotkey | 2 | |
| Basic commands | 7 | |
| Build / train | 25 | |
| ESC pressed | 3 | |
| Enter build submenu | 21 | |
| Enter hero's abilities submenu | 2 | |
| Right click | 72 | |
| Select / deselect | 97 | |
| Select group hotkey | 34 | |
| Use ability | 20 | |
284 total
» units
| Wisp | 12 | |
| Archer | 4 | |
| Forest Troll Shadow Priest | 1 | |
| Forest Troll Berserker | 3 | |
| Huntress | 1 | |
21 total
» buildings
| Altar of Elders | 1 | |
| Moon Well | 4 | |
| Ancient of War | 2 | |
| Ancient of Wonders | 1 | |
| Hunter's Hall | 1 | |
| Tree of Ages | 1 | |
| Ancient Protector | 1 | |
11 total
» build order
00:09 Altar of Elders
00:30 Moon Well
00:38 Ancient of War
01:51 Moon Well
03:57 Ancient of Wonders
04:04 Hunter's Hall
04:35 Ancient of War
05:13 Tree of Ages
05:19 Moon Well
05:41 Ancient Protector
05:43 Moon Well
team 2 (winner)

»
ddxxddxx (
teal | 65 APM | 403 actions | 06:11)
2 Death Knight
1 Death Coil
1 Unholy Aura
» actions
| Assign group hotkey | 39 | |
| Basic commands | 37 | |
| Build / train | 22 | |
| Enter build submenu | 9 | |
| Enter hero's abilities submenu | 2 | |
| Give item / drop item | 2 | |
| Right click | 60 | |
| Select / deselect | 72 | |
| Select group hotkey | 142 | |
| Use ability | 18 | |
403 total
» units
| Acolyte | 7 | |
| Ghoul | 3 | |
| Crypt Fiend | 3 | |
| Huntress | 1 | |
| Forest Troll Shadow Priest | 1 | |
15 total
» buildings
| Crypt | 1 | |
| Altar of Darkness | 1 | |
| Ziggurat | 3 | |
| Graveyard | 1 | |
| Tomb of Relics | 1 | |
| Nerubian Tower | 1 | |
| Halls of the Dead | 1 | |
9 total
» build order
00:19 Crypt
00:21 Altar of Darkness
00:32 Ziggurat
00:57 Graveyard
01:10 Tomb of Relics
01:37 Ziggurat
02:39 Nerubian Tower
03:20 Ziggurat
05:28 Halls of the Dead
» items

»
Scorpio (
purple | 39 APM | 162 actions | 04:10)
1 Demon Hunter
1 Mana Burn
» actions
| Assign group hotkey | 2 | |
| Build / train | 18 | |
| Enter build submenu | 8 | |
| Enter hero's abilities submenu | 1 | |
| Remove unit from queue | 1 | |
| Right click | 46 | |
| Select / deselect | 38 | |
| Select group hotkey | 37 | |
| Use ability | 11 | |
162 total
» units
» buildings
| Altar of Elders | 1 | |
| Moon Well | 4 | |
| Ancient of War | 1 | |
| Hunter's Hall | 1 | |
| Tree of Ages | 1 | |
| Ancient Protector | 1 | |
9 total
» build order
00:25 Altar of Elders
00:29 Moon Well
01:12 Ancient of War
01:48 Moon Well
02:45 Moon Well
02:49 Hunter's Hall
03:19 Tree of Ages
03:54 Moon Well
03:59 Ancient Protector

»
Aislan (
red | 87 APM | 540 actions | 06:11)
2 Archmage
1 Summon Water Elemental
1 Brilliance Aura
» actions
| Assign group hotkey | 21 | |
| Basic commands | 19 | |
| Build / train | 26 | |
| Enter build submenu | 15 | |
| Enter hero's abilities submenu | 3 | |
| Remove unit from queue | 1 | |
| Right click | 137 | |
| Select / deselect | 143 | |
| Select group hotkey | 148 | |
| Use ability | 27 | |
540 total
» units
» upgrades
| Strength of the Moon | 1 | |
| Ultravision | 1 | |
2 total
» buildings
| Farm | 4 | |
| Altar of Kings | 1 | |
| Barracks | 2 | |
| Scout Tower | 1 | |
| Arcane Tower | 1 | |
| Town Hall | 2 | |
| Arcane Vault | 1 | |
| Blacksmith | 1 | |
| Ancient of Lore | 2 | |
| Lumber Mill | 1 | |
16 total
» build order
00:06 Farm
00:09 Altar of Kings
00:12 Barracks
01:18 Farm
01:52 Scout Tower
02:01 Farm
02:40 Arcane Tower
03:10 Town Hall
03:39 Arcane Vault
04:56 Town Hall
05:13 Farm
05:14 Blacksmith
05:26 Barracks
05:45 Ancient of Lore
05:47 Ancient of Lore
06:08 Lumber Mill

»
Pen1softhenorth (
blue | 56 APM | 343 actions | 06:08)
1 Dark Ranger
1 Silence
» actions
| Assign group hotkey | 17 | |
| Basic commands | 7 | |
| Build / train | 22 | |
| ESC pressed | 1 | |
| Enter build submenu | 11 | |
| Enter hero's abilities submenu | 1 | |
| Right click | 122 | |
| Select / deselect | 56 | |
| Select group hotkey | 84 | |
| Use ability | 22 | |
343 total
» units
» buildings
| Moon Well | 5 | |
| Ancient of War | 1 | |
| Altar of Elders | 1 | |
| Ancient of Wonders | 1 | |
| Tree of Ages | 4 | |
| Hunter's Hall | 1 | |
13 total
» build order
00:36 Moon Well
00:45 Ancient of War
00:55 Altar of Elders
02:05 Moon Well
02:42 Moon Well
02:55 Moon Well
03:23 Ancient of Wonders
03:29 Tree of Ages
03:30 Tree of Ages
03:30 Tree of Ages
03:50 Moon Well
04:46 Hunter's Hall
Chat log
(00:02 / All) d3no.lupiniiiya: -ar
(00:05 / Allies) ResuRgenty: hip riders
(00:08 / All) ddxxddxx: wat
(00:16 / All) Pen1softhenorth: HOW DO I SAVE MY CHARACTER
(00:17 / Allies) TakeItLikeAMan: rifles motrots
(00:20 / All) t1fail: its a random game
(00:21 / All) ResuRgenty: food for thought
(00:25 / All) TakeItLikeAMan: alt QQ
(00:26 / All) Pen1softhenorth: HOW DO I SAVE MY CHARACTER SO I DONT HAVE TO LEVEL IT UP AGAINNEXT GAME??????????
(00:34 / Allies) t1fail: hh
(00:47 / All) TakeItLikeAMan: type i'm a fag
(00:52 / All) TakeItLikeAMan: and kickurslef in the balls
(00:57 / All) TakeItLikeAMan: thats how u save
(00:58 / All) ResuRgenty: in that order?
(01:03 / All) d3no.lupiniiiya: DON'T LET THEM START A KICKSTARTER!!!!!
(01:06 / All) Pen1softhenorth: green is a fag and should kick himself in the balls
(01:07 / All) TakeItLikeAMan: i believe so
(01:10 / All) Pen1softhenorth: IT DIDNT WORK WTF
(01:16 / All) TakeItLikeAMan: kick harder
(01:21 / All) TakeItLikeAMan: than put a dick in ur mouth
(01:31 / All) TakeItLikeAMan: in that orer
(01:35 / All) Pen1softhenorth: what does "ur" mean
(02:16 / All) TakeItLikeAMan: it means "your not a smart person"
(02:21 / All) d3no.lupiniiiya: rofl
(03:10 / Allies) t1fail: they rush
(03:46 / Allies) d3no.lupiniiiya: gonan be ok green?
(03:51 / Allies) TakeItLikeAMan: yeah i'm golden
(03:54 / Allies) d3no.lupiniiiya: k cool
(04:05 / Allies) ResuRgenty: somebody get him a shop with mana pot
(04:12 / Allies) d3no.lupiniiiya: rofl
(04:13 / All) ddxxddxx: wtf
(04:31 / All) ddxxddxx: wat happened
(04:36 / All) ResuRgenty: HAX
(04:40 / All) Pen1softhenorth: drophackers
(04:48 / All) TakeItLikeAMan: i hacked his ass
(04:52 / All) d3no.lupiniiiya: no i think he left because his harass failed completely
(04:59 / Allies) TakeItLikeAMan: wood?
(06:02 / Allies) ResuRgenty: lets hit
(06:06 / Allies) TakeItLikeAMan: i am